Map: Lightshade LE

Players

FishSangwich - Winner!

  • Race: Protoss Protoss
  • League: Bronze

ChowderSnake

  • Race: Protoss Protoss
  • League: Bronze

VOD

Have the link to the VOD?

Description

Time

  • Played on: July 22, 2021, 6:04 p.m.
  • Length: 9:51
Show
View Real Time Build Order
Export as new Build Order

FishSangwich Protoss - Winner!

Build Orders:  

Get SALT Encoding   

  12  0:00  Probe  
  13  0:12  Probe  
  14  0:17  Pylon  
  14  0:27  Probe  
  15  0:39  Gateway  
  15  0:43  Probe  
  15  0:48  Assimilator  
  16  0:55  Probe  
  17  1:07  Probe  
  18  1:19  Probe  
  18  1:22  Pylon  
  19  1:26  Zealot  
  19  1:31  Probe  
  21  1:43  Cybernetics Core, Probe (Chrono Boost)  
  22  2:01  Probe  
  23  2:09  Gateway  
  23  2:13  Probe  
  23  2:14  Forge  
  24  2:20  Pylon  
  24  2:25  Probe  
  25  2:37  Probe  
  25  2:38  Shield Battery  
  25  2:41  Warp Gate  
  25  2:42  Shield Battery  
  24  2:47  Photon Cannon  
  24  3:00  Probe  
  23  3:16  Stalker (Chrono Boost)  
  25  3:25  Photon Cannon  
  25  3:33  Pylon  
  25  3:35  Probe  
  26  3:43  Robotics Facility  
  26  3:45  Stalker (Chrono Boost)  
  26  3:47  Probe  
  29  4:05  Shield Battery  
  29  4:07  Assimilator  
  29  4:10  Pylon  
  29  4:11  Probe  
  30  4:23  Probe  
  31  4:32  Immortal  
  31  4:35  Probe  
  36  4:45  Stalker  
  38  4:47  Probe  
  40  5:00  Probe  
  40  5:03  Protoss Ground Weapons Level 1 (Chrono Boost)  
  40  5:12  Probe  
  40  5:13  Warp Prism (Chrono Boost)  
  43  5:24  Probe  
  44  5:35  Pylon  
  44  5:36  Probe  
  45  5:48  Probe  
  46  5:56  Gateway  
  46  5:57  Gateway  
  46  5:59  Gateway  
  46  6:00  Probe  
  47  6:12  Probe  
  47  6:17  Nexus  
  48  6:21  Stalker  
  48  6:23  Observer  
  51  6:46  Pylon  
  51  6:51  Pylon  
  51  6:58  Stalker x2  
  55  7:22  Stalker x3  
  61  8:07  Probe  
  61  8:11  Zealot x2  
  61  8:12  Zealot x2  
  69  8:36  Stalker x4  
  77  9:07  Probe x2  
  77  9:11  Stalker  
  77  9:12  Stalker x3  
  83  9:40  Stalker  
  83  9:41  Stalker  
Show
View Real Time Build Order
Export as new Build Order

ChowderSnake Protoss 

Build Orders: Cannon Rush 

Get SALT Encoding   

  12  0:02  Probe (Chrono Boost)  
  14  0:14  Probe (Chrono Boost)  
  14  0:21  Pylon  
  14  0:22  Probe (Chrono Boost)  
  15  0:39  Probe  
  16  0:44  Forge  
  16  1:05  Pylon  
  16  1:08  Pylon  
  16  1:12  Pylon  
  16  1:16  Pylon  
  16  1:39  Photon Cannon  
  16  1:40  Photon Cannon  
  16  1:47  Photon Cannon  
  16  1:56  Pylon  
  16  2:15  Pylon  
  16  2:22  Photon Cannon  
  16  2:36  Photon Cannon  
  16  2:41  Photon Cannon  
  16  2:45  Photon Cannon  
  16  2:54  Gateway  
  16  3:02  Photon Cannon  
  16  3:20  Gateway  
  16  3:27  Photon Cannon  
  16  3:29  Photon Cannon  
  16  3:32  Photon Cannon  
  16  3:41  Zealot  
  18  3:59  Probe (Chrono Boost)  
  18  4:00  Cybernetics Core  
  18  4:01  Zealot  
  19  4:05  Assimilator  
  19  4:08  Probe (Chrono Boost)  
  22  4:10  Assimilator  
  22  4:13  Probe (Chrono Boost)  
  25  4:24  Zealot  
  25  4:28  Zealot  
  25  4:39  Shield Battery  
  25  4:42  Pylon  
  20  5:19  Nexus  
  20  5:24  Pylon  
  20  5:26  Assimilator  
  19  5:28  Probe (Chrono Boost)  
  19  5:30  Assimilator  
  19  5:38  Probe (Chrono Boost)  
  20  5:43  Probe (Chrono Boost)  
  20  5:44  Gateway  
  20  5:46  Stargate  
  21  5:54  Probe  
  22  6:04  Pylon  
  22  6:07  Probe  
  22  6:10  Shield Battery  
  23  6:25  Photon Cannon  
  23  6:29  Shield Battery  
  23  6:37  Photon Cannon  
  23  6:42  Probe (Chrono Boost)  
  23  6:45  Void Ray (Chrono Boost)  
  24  6:52  Probe (Chrono Boost)  
  29  6:57  Probe (Chrono Boost)  
  30  7:16  Void Ray (Chrono Boost)  
  34  7:25  Probe  
  35  7:37  Probe  
  36  7:49  Probe  
  37  7:52  Void Ray  
  41  8:02  Photon Cannon  
  41  8:03  Pylon  
  41  8:05  Pylon  
  41  8:07  Pylon  
  41  8:10  Pylon  
  25  8:29  Void Ray  
Tags
 
Add a new tag
Caveats
  • Supply blocks, unpowered buildings, or Contaminate may cause inaccurate times.
  • Supply counts are checked every 10 seconds.